 Dungeon Crawl Stone Soup version 0.31-a0-845-g9abc20d24f (webtiles) character file.

Game seed: 5982098830594871285

19 randomguy2701 the Slicer (level 2, -1/23 HPs)
             Began as a Gnoll Wanderer on Oct 2, 2023.
             Succumbed to Sigmund's poison
             ... on level 2 of the Dungeon.
             The game lasted 00:00:39 (723 turns).

randomguy2701 the Slicer (Gnoll Wanderer)            Turns: 723, Time: 00:00:40

Health: -1/23      AC:  6    Str: 12    XL:     2   Next: 75%
Magic:  2/2        EV: 11    Int:  8    God:
Gold:   69         SH:  0    Dex: 13    Spells: 2/2 levels left

rFire   . . .        a - +2 short sword
rCold   . . .        (no shield)
rNeg    . . .        c - +0 ring mail
rPois   .            (no helmet)
rElec   .            (no cloak)
rCorr   .            (no gloves)
SInv    .            (no boots)
Will    .....        (no amulet)
Stlth   +            (no ring)
HPRegen 0.23/turn    (no ring)
MPRegen 0.08/turn

%: no passive effects
@: lethally poisoned (-1 -> -10)
A: fangs 1, strong nose, distributed training
a: no special abilities


You were on level 2 of the Dungeon.
You visited 1 branch of the dungeon, and saw 2 of its levels.

You collected 69 gold pieces.

Inventory:

Hand Weapons
 a - a +2 short sword (weapon)
Armour
 c - a +0 ring mail (worn)
Scrolls
 b - 2 scrolls of teleportation
 d - 2 scrolls of blinking
 e - a scroll of identify {unknown}
 i - a scroll of revelation {unknown}
 j - a scroll of amnesia {unknown}
Potions
 f - a potion of mutation {unknown}
 g - a potion of curing {unknown}
 h - a potion of might {unknown}


   Skills:
 + Level 2.5 Fighting
 + Level 8.5 Short Blades
 + Level 0.5 Long Blades
 + Level 0.5 Axes
 + Level 0.5 Maces & Flails
 + Level 0.5 Polearms
 + Level 0.5 Staves
 + Level 0.5 Ranged Weapons
 + Level 0.5 Throwing
 + Level 6.5 Armour
 + Level 2.5 Dodging
 + Level 0.5 Stealth
 + Level 0.5 Shields
 + Level 0.5 Unarmed Combat
 + Level 0.5 Spellcasting
 + Level 0.3 Conjurations
 + Level 0.3 Hexes
 + Level 0.3 Summonings
 + Level 0.3 Necromancy
 + Level 0.3 Translocations
 + Level 0.3 Transmutations
 + Level 0.3 Fire Magic
 + Level 0.3 Ice Magic
 + Level 0.3 Air Magic
 + Level 0.3 Earth Magic
 + Level 0.3 Poison Magic
 + Level 0.6 Invocations
 + Level 2.5 Evocations
 + Level 0.4 Shapeshifting


You had 2 spell levels left.
You didn't know any spells.
Your spell library was empty.

Dungeon Overview and Level Annotations

Branches:
Dungeon (2/15)

Altars:

Annotations:
D:2 Sigmund


Innate Abilities, Weirdness & Mutations

You have very sharp teeth.
Your uncanny sense of smell can sniff out nearby items.
Your experience applies equally to all skills.


Message History

What level of the Dungeon? (default 1, ? - help)
There is a stone staircase leading down here.
You climb downwards.
The hobgoblin shouts!
You hear a shout!
There is a stone staircase leading up here.
There are monsters nearby!
There are monsters nearby!
There are monsters nearby!
There are monsters nearby!
Found a war axe.
Sigmund points at you and mumbles some strange words.
The magic dart hits you.
Found an inky potion and a scroll labelled POYVUMAPNI.
Sigmund hits you from afar with a +4 scythe of venom!
You are lethally poisoned!
You are too injured to fight recklessly!
You are too injured to fight recklessly!
You are too injured to fight recklessly!
You are too injured to fight recklessly!
You are too injured to fight recklessly!
You are too injured to fight recklessly!
You are too injured to fight recklessly!
You are too injured to fight recklessly!
You are too injured to fight recklessly!
You are too injured to fight recklessly!
You are too injured to fight recklessly!
You are too injured to fight recklessly!
Unknown command.
* * * LOW HITPOINT WARNING * * *
You feel very sick. The adder misses you.
A kobold comes into view. It is wielding a +0 short sword.
* * * LOW HITPOINT WARNING * * *
You feel very sick. The adder bites you but does no damage.
* * * LOW HITPOINT WARNING * * *
You feel very sick. The adder attacks as it pursues you!
The adder barely misses you.
There is a stone staircase leading up here.
You die...

. # .. .# ... ..#
..#### ...# #.#
...# ...)#
.....##.####.....#
.......@S.@.......
.....###..g##.....
##. ##.........
........ .
..........
..#.K.#....
?!##........ #.#
#...#.#..


You could see Sigmund, an adder, a hobgoblin and a kobold.

Vanquished Creatures
  2 ball pythons (D:1)
  2 endoplasms (D:1)
  A goblin (D:1)
  5 hobgoblins (D:1)
  3 quokkas (D:1)
  A frilled lizard (D:1)
  2 kobolds (D:1)
16 creatures vanquished.

Notes
Turn   | Place    | Note
-------+----------+-------------------------------------------
     0 | D:1      | randomguy2701 the Gnoll Wanderer began the quest for the
                  | Orb.
     0 | D:1      | randomguy2701 set off with the following items: a +2 short
                  | sword, a scroll of teleportation, a +0 ring mail, a scroll
                  | of blinking.
     0 | D:1      | Reached XP level 1. HP: 17/17 MP: 1/1
   262 | D:1      | Reached XP level 2. HP: 23/23 MP: 2/2
   716 | D:2      | Noticed Sigmund
   722 | D:2      | HP: 1/23 [poisoned by Sigmund]
   723 | D:2      | Succumbed to Sigmund's poison

Illustrated notes

Levels and vault maps discovered:
D:1:      minmay_arrival_loop, layout_basic, serial_forest,
          infiniplex_forest_clump_double, infiniplex_forest_corner_1,
          infiniplex_forest_corner_1, infiniplex_forest_straight_1,
          glass_columns_a
D:2:      layout_rooms, shapermc_ecumenical_altar_pompeii, uniq_sigmund

Action                     || total
---------------------------++-------
  Melee: Short sword       ||    38
         Bite              ||     3
         Punch             ||     1
 Armour: Ring mail         ||    21
  Dodge: Dodged            ||    15

Table legend: (Time is in decaauts)
 A = Elapsed time spent in this place.
 B = Non-inter-level travel time spent in this place.
 C = Inter-level travel time spent in this place.
 D = Time resting spent in this place.
 E = Time spent auto-exploring this place.
 F = Levels seen in this place.
 G = Mean time per level.
                   A        B        C        D        E       F      G
               +--------+--------+--------+--------+--------+-----+--------+
         Total |    706 |    697 |      9 |      0 |    620 |   2 |  353.0 |
       Dungeon |    706 |    697 |      9 |      0 |    620 |   2 |  353.0 |
               +--------+--------+--------+--------+--------+-----+--------+

Top non-repeatable levels by time:
     D:1: 699 daAuts
     D:2: 6 daAuts
